 Dungeon Crawl Stone Soup version 0.29-a0-821-g66395355a5 (webtiles) character file.

Game seed: 15082936598641819817

5371 sweatyfellr the Covert (level 10, 0/49 HPs)
             Began as a Vine Stalker Enchanter on July 8, 2022.
             Was an Elder of Dithmenos.
             Slain by a wolf (2 damage)
             ... while petrified by a basilisk
             ... on level 9 of the Dungeon.
             The game lasted 00:49:22 (7846 turns).

sweatyfellr the Covert (Vine Stalker Enchanter)     Turns: 7846, Time: 00:49:22

Health: 0/49       AC:  8    Str: 11    XL:     10   Next: 66%
Magic:  0/17       EV:  2    Int: 17    God:    Dithmenos [****..]
Gold:   505        SH:  0    Dex: 28    Spells: 13/17 levels left

rFire   + . .      SeeInvis .   a - +7 dagger (vorpal)
rCold   + . .      Faith    .   g - +2 kite shield of Contentment {Slay+3 Stlth+}
rNeg    + + +      Spirit   +   u - +3 leather armour of Ajotutsa {rCorr Dex+5}
rPois   ∞          Reflect  +   (no helmet)
rElec   .          Harm     .   (no cloak)
rCorr   +          Rampage  .   (no gloves)
Will    +....                   q - +1 pair of boots
Stlth   ++++++++++              B - amulet of reflection
HPRegen 0.96/turn               r - ring of positive energy
MPRegen 0.15/turn               H - +6 ring of dexterity

@: petrified, wreathed by umbra
A: fangs 3, regeneration 1, magic shield, antimagic bite, no potion heal 2, cold
resistance 1, fire resistance 1, sturdy frame 1
a: Renounce Religion, Shadow Step


You were on level 9 of the Dungeon.
You worshipped Dithmenos.
Dithmenos was greatly pleased with you.
You visited 2 branches of the dungeon, and saw 10 of its levels.
You also visited: Ossuary.

You collected 647 gold pieces.
You spent 142 gold pieces at shops.

Inventory:

Hand Weapons
 a - a +7 vorpal dagger (weapon)
 e - a +0 hand axe
 l - a +0 dagger
 x - a +3 quarterstaff of chaos
Missiles
 h - 24 poisoned darts (quivered)
Armour
 b - a +0 robe
 d - a +0 robe
 g - the +2 kite shield of Contentment (worn) {Slay+3 Stlth+}
   (You acquired it on level 4 of the Dungeon)

   Slay:      It affects your accuracy & damage with ranged weapons and melee
   (+3).
   Stlth:     It makes you more stealthy.
 k - a +0 barding
 o - a +0 buckler
 q - a +1 pair of boots (worn)
 u - the +3 leather armour of Ajotutsa (worn) {rCorr Dex+5}
   (You found it on level 4 of the Dungeon)

   Dex:       It affects your dexterity (+5).
   rCorr:     It protects you from acid and corrosion.
 v - a +0 helmet
 w - a +1 robe of willpower
 D - a +2 robe of fire resistance
 L - +0 acid dragon scales
Magical Staves
 t - a staff of poison
 J - a staff of death
 N - a staff of cold
Jewellery
 r - a ring of positive energy (left hand)
 B - an amulet of reflection (around neck)
 E - a ring of ice
 H - a +6 ring of dexterity (right hand)
 K - a ring of positive energy
Wands
 y - a wand of roots (8)
 C - a wand of flame (16)
 M - a wand of paralysis (6)
Scrolls
 j - 3 scrolls of brand weapon
 m - 3 scrolls of blinking
 n - 4 scrolls of teleportation
 p - 3 scrolls of amnesia
 s - 5 scrolls of fear
Potions
 c - a potion of invisibility
 f - 3 potions of degeneration
 i - 5 potions of curing
 z - 2 potions of heal wounds
 A - 3 potions of lignification
 F - a potion of might
 G - 3 potions of brilliance
 I - 2 potions of haste {unknown}


   Skills:
 + Level 3.3 Fighting
 + Level 6.1 Short Blades
 + Level 5.7 Dodging
 + Level 11.1 Stealth
 + Level 5.9 Shields
 + Level 4.1 Spellcasting
 + Level 0.6 Conjurations
 + Level 4.2 Hexes
 + Level 0.6 Necromancy
 + Level 1.6 Ice Magic


You had 13 spell levels left.
You knew the following spells:

 Your Spells              Type           Power      Damage    Failure   Level
a - Magic Dart            Conj           20%        1d4       34%         1
b - Ensorcelled Hibernat  Hex/Ice        26%        N/A       21%         2
c - Necrotise             Necr           20%        1d5       34%         1

Your spell library contained the following spells:

 Spells                   Type           Power      Damage    Failure   Level
 Confusing Touch          Hex            17%        N/A       24%         3
 Tukima's Dance           Hex            17%        N/A       24%         3
 Apportation              Tloc           6%         N/A       41%         1
 Summon Small Mammal      Summ           12%        N/A       41%         1
 Dazzling Flash           Conj/Hex       22%        N/A       45%         3
 Searing Ray              Conj           10%        2d4       47%         2
 Call Imp                 Summ           3%         N/A       56%         2
 Scorch                   Fire           6%         2d5       56%         2
 Mephitic Cloud           Conj/Pois/Air  4%         N/A       77%         3
 Gell's Gravitas          Tloc           3%         N/A       80%         3
 Ignite Poison            Fire/Tmut/Pois 3%         N/A       80%         3
 Lesser Beckoning         Tloc           3%         N/A       80%         3
 Teleport Other           Tloc           3%         N/A       80%         3
 Anguish                  Hex/Necr       5%         N/A       86%         4
 Fulminant Prism          Conj/Hex       5%         3d7       86%         4
 Flame Wave               Conj/Fire      4%         2d5       98%         4
 Sticky Flame             Conj/Fire      4%         2d3       98%         4
 Silence                  Hex/Air        5%         N/A       99%         5
 Agony                    Necr           5%         N/A       100%        5
 Alistair's Intoxication  Tmut/Pois      2%         N/A       100%        5
 Freezing Cloud           Conj/Ice/Air   3%         6-21      100%        5
 Summon Cactus Giant      Summ           1%         N/A       100%        6
 Enfeeble                 Hex            8%         N/A       100%        7


Dungeon Overview and Level Annotations

Branches:
Dungeon (9/15)             Temple (1/1) D:4            Lair (0/6) D:9
Ossuary (visited)
    Orc: D:9-12

Altars:
Cheibriados
Dithmenos
Elyvilon
Fedhas
Gozag
Hepliaklqana
Kikubaaqudgha
Makhleb
Nemelex Xobeh
Okawaru
Qazlal
Ru
Sif Muna
Trog
Uskayaw
Vehumet
Wu Jian
Xom
Yredelemnul
Zin

Shops:
D:7 ?


Innate Abilities, Weirdness & Mutations

You have razor-sharp teeth.
Your natural rate of healing is unusually fast.
When hurt, damage is shared between your health and your magic reserves.
Your bite disrupts and absorbs the magic of your enemies.
Potions cannot restore your health.
Your flesh is cold resistant. (rC+)
Your flesh is heat resistant. (rF+)
Your movements are slightly less encumbered by armour. (ER -2)


Message History

The black bear claws you.
The black bear claws you but does no damage.
The basilisk bites you!
The centaur hits you but does no damage.
The centaur kicks you but does no damage.
The wolf bites the plant.
The wolf bites you.
The wolf bites the plant.
The centaur hits you.
The centaur kicks you but does no damage.
The wolf bites you. The black bear bites you.
The black bear claws you but does no damage. x2
The basilisk bites you!
* * * LOW HITPOINT WARNING * * *
The wolf bites the plant.
The centaur hits you.
The centaur kicks you but does no damage.
The wolf bites you but does no damage.
A nearby plant withers and dies.
The wolf bites you!
* * * LOW HITPOINT WARNING * * *
The black bear bites you but does no damage.
The black bear claws you but does no damage. x2
The basilisk gazes at you.
You easily resist.
The centaur hits you but does no damage.
The centaur kicks you but does no damage.
The wolf bites you but does no damage. The wolf bites you.
* * * LOW HITPOINT WARNING * * *
The centaur completely misses you. The centaur barely misses you.
The black bear bites you but does no damage.
The black bear claws you but does no damage. x2
The basilisk bites you.
* * * LOW HITPOINT WARNING * * *
The wolf bites you!
* * * LOW HITPOINT WARNING * * *
The wolf bites you but does no damage.
The centaur hits you but does no damage.
The centaur kicks you but does no damage.
The wolf bites you!
* * * LOW HITPOINT WARNING * * *
The wolf bites you.
You die...

....# ....#
....P..P.... ....#
......♣.... ....#
##...P...>.P ...
..♣..P...l.
.......P.. ..
#######+###.....P..♣
..
...........hhl....P.
...
...........@hS..P..
...
........!...c....P.
.#
####.....[....PP...
.# #...............
.# #...............
.# #....########..#
.########)...# ..#
........))...# .#
....##########


You could see a basilisk, a water moccasin, a black bear, a wyvern (wandering),
2 wolves and a centaur.

Vanquished Creatures
  A wyvern (D:9)
  A shadow (D:9)
  6 yaks (D:8)
  A steam dragon (D:6)
  2 acid dragons
  A water moccasin (D:7)
  2 orc warriors (D:9)
  4 black bears
  3 sky beasts
  An ice beast (D:7)
  2 ogres (D:6)
  A centaur (D:6)
  3 bullfrogs (D:7)
  2 kobold brigands (D:8)
  Blork the orc (D:6)
  2 elf skeletons (D:6)
  3 gnoll sergeants (D:7)
  2 scorpions
  10 wights (D:8)
  5 killer bees (D:7)
  4 hounds
  3 jellies
  Crazy Yiuf (D:6)
  An orc priest (D:8)
  3 iguanas
  3 human skeletons (D:6)
  10 orc wizards
  8 mummies (Ossuary)
  5 gnolls (D:7)
  5 adders
  3 white imps (D:7)
  2 ufetubi
  An adder skeleton (D:3)
  7 worms
  3 dart slugs
  33 orcs
  8 ball pythons
  7 bats
  3 endoplasms
  2 giant cockroaches
  A gnoll zombie (Ossuary)
  7 goblins
  5 hobgoblins
  A jackal (D:2)
  4 quokkas
  2 frilled lizards (D:2)
  3 hobgoblin zombies (Ossuary)
  A jackal skeleton (D:3)
  15 kobolds
  2 kobold zombies (Ossuary)
  An orc skeleton (D:6)
  2 orc zombies (Ossuary)
  A rat (D:2)
210 creatures vanquished.

Vanquished Creatures (collateral kills)
  2 orcs (D:4)
  A kobold (D:4)
3 creatures vanquished.

Vanquished Creatures (others)
  An orc wizard (D:4)
  A fungus (D:9)
  10 plants (D:9)
  A withered plant (D:3)
13 creatures vanquished.

Grand Total: 226 creatures vanquished

Notes
Turn   | Place    | Note
-------+----------+-------------------------------------------
     0 | D:1      | sweatyfellr the Vine Stalker Enchanter began the quest for
                  | the Orb.
     0 | D:1      | Reached XP level 1. HP: 9/9 MP: 4/4
    65 | D:1      | Reached skill level 1 in Short Blades
   290 | D:1      | Reached XP level 2. HP: 11/13 MP: 3/6
   391 | D:1      | Learned a level 1 spell: Magic Dart
   394 | D:1      | Learned a level 2 spell: Ensorcelled Hibernation
   430 | D:1      | Reached skill level 4 in Stealth
  1158 | D:2      | Reached XP level 3. HP: 11/16 MP: 0/7
  1348 | D:2      | Learned a level 1 spell: Necrotise
  1420 | D:2      | Got the Quarto of the Zebra
  1869 | D:2      | Gained mutation: Your natural rate of healing is unusually
                  | fast. [Vine Stalker growth]
  1869 | D:2      | Reached XP level 4. HP: 21/21 MP: 6/9
  2302 | D:2      | Learned a level 3 spell: Tukima's Dance
  2911 | D:3      | Reached XP level 5. HP: 22/24 MP: 5/11
  3076 | D:3      | Found a faded altar of an unknown god.
  3539 | D:4      | Found a staircase to the Ecumenical Temple.
  3587 | Temple   | Entered the Ecumenical Temple
  3655 | Temple   | Became a worshipper of Dithmenos the Shadowed
  3809 | D:4      | Identified the +3 leather armour of Ajotutsa {rCorr Dex+5}
  3996 | D:4      | HP: 1/25 [orc wizard/puff of flame (4)]
  4228 | D:4      | Reached XP level 6. HP: 26/29 MP: 8/12
  4373 | D:4      | Identified a scroll of acquirement
  4373 | D:4      | Acquired the +2 kite shield of Contentment {Slay+3 Stlth+}
  4395 | D:4      | Gained mutation: Your movements are slightly less
                  | encumbered by armour. (ER -2) [potion of mutation]
  4395 | D:4      | Gained mutation: Your flesh is cold resistant. (rC+)
                  | [potion of mutation]
  4395 | D:4      | Gained mutation: Your flesh is heat resistant. (rF+)
                  | [potion of mutation]
  4419 | D:5      | Entered Level 5 of the Dungeon
  4578 | D:5      | Reached skill level 1 in Ice Magic
  4893 | D:6      | Noticed a black bear
  4902 | D:6      | Reached skill level 5 in Stealth
  4905 | D:6      | Reached * piety under Dithmenos
  4910 | D:6      | Killed a black bear
  4911 | D:6      | Reached skill level 1 in Fighting
  4911 | D:6      | Reached XP level 7. HP: 23/33 MP: 9/13
  4973 | D:6      | Found a runed translucent door.
  4974 | D:6      | Noticed Crazy Yiuf
  4981 | D:6      | Killed Crazy Yiuf
  5061 | D:6      | Found a bloodstained altar of Trog.
  5069 | D:6      | Noticed a steam dragon
  5073 | D:6      | Reached skill level 6 in Stealth
  5073 | D:6      | Reached skill level 1 in Shields
  5074 | D:6      | Killed a steam dragon
  5075 | D:6      | Gained mutation: You have razor-sharp teeth. [Vine Stalker
                  | growth]
  5075 | D:6      | Reached XP level 8. HP: 37/37 MP: 15/15
  5201 | D:6      | Noticed Blork the orc
  5208 | D:6      | Killed Blork the orc
  5240 | D:6      | Found a sand-covered staircase.
  5257 | D:6      | Reached skill level 7 in Stealth
  5280 | D:6      | Acquired a book of the Senses
  5285 | Ossuary  | Entered an ossuary
  5345 | Ossuary  | Reached ** piety under Dithmenos
  5637 | D:6      | Found a glowing silver altar of Zin.
  5886 | D:7      | Found a white marble altar of Elyvilon.
  6053 | D:7      | Reached skill level 8 in Stealth
  6102 | D:7      | Reached XP level 9. HP: 42/42 MP: 16/16
  6156 | D:7      | Reached skill level 9 in Stealth
  6254 | D:7      | Noticed a two-headed ogre
  6361 | D:7      | Reached skill level 10 in Stealth
  6438 | D:7      | Found Zelouwn's Magic Scroll Boutique.
  6441 | D:7      | Bought a scroll of enchant weapon for 112 gold pieces
  6441 | D:7      | Bought a scroll of identify for 30 gold pieces
  6966 | D:8      | Reached *** piety under Dithmenos
  7004 | D:8      | Reached skill level 5 in Dodging
  7025 | D:8      | Reached skill level 5 in Short Blades
  7048 | D:8      | Reached XP level 10. HP: 35/48 MP: 17/17
  7061 | D:8      | Reached skill level 5 in Shields
  7436 | D:8      | Found a snail-covered altar of Cheibriados.
  7726 | D:9      | Reached skill level 11 in Stealth
  7799 | D:9      | Reached **** piety under Dithmenos
  7827 | D:9      | Found a staircase to the Lair.
  7846 | D:9      | HP: 2/49 [wolf (2)]
  7846 | D:9      | Slain by a wolf

Illustrated notes

Levels and vault maps discovered:
D:1:      spicycebolla_green_bress_n_ham, layout_loops_ring
D:2:      minmay_diamond_boxcup, layout_loops_corners, minmay_tripent
D:3:      layout_loops_ring, basic_ecumenical_altar, serial_undead,
          serial_undead_f, serial_undead_c, serial_undead_a, serial_undead_f
D:4:      layout_basic, minmay_temple_entry_mini_moons
D:5:      layout_rooms
D:6:      layout_rooms, zin_statuary, bloody_trog,
          nicolae_ossuary_entry_catacombs, st_stairs_3, uniq_blork_the_orc,
          uniq_crazy_yiuf_cottage
D:7:      minmay_inner_zag, layout_loops_ring, marbit_many_paths, serial_shops,
          kennysheep_mini, lightli_corner_chamber
D:8:      layout_cave_pools, slow_altar_2
D:9:      layout_irregular_city, minmay_lair_entry_grove,
          chequers_serial_rivers_micro_a, kennysheep_flooded_box,
          uniq_prince_ribbit1
Temple:   nicolae_temple_x_marks_the_god

Skill      XL: |  1  2  3  4  5  6  7  8  9 10 |
---------------+-------------------------------+-----
Short Blades   | 1 2 3 5 6 |  6.1
Stealth        | 4 5 6 8 10 11 | 11.1
Dodging        | 2 3 4 5 |  5.7
Spellcasting   | 3 4 |  4.1
Ice Magic      | 1 |  1.6
Fighting       | 1 2 3 |  3.3
Hexes          | 4 |  4.2
Shields        | 1 2 4 5 |  5.9
Conjurations   | |  0.6
Necromancy     | |  0.6

Action                   |  1- 3 |  4- 6 |  7- 9 | 10-12 || total
-------------------------+-------+-------+-------+-------++-------
Melee: Dagger            |    62 |   192 |   197 |   137 ||   588
       Bite              |    14 |    40 |    66 |    52 ||   172
       Punch             |     1 |       |       |       ||     1
 Cast: Magic Dart        |    18 |    17 |     2 |       ||    37
       Ensorcelled Hiber |    11 |    15 |       |       ||    26
       Necrotise         |     3 |     3 |       |       ||     6
       Tukima's Dance    |       |     2 |       |       ||     2
  Use: Scroll            |     2 |    13 |    11 |     1 ||    27
       Potion            |       |     7 |       |       ||     7
 Stab: Sleeping          |     6 |    14 |    30 |     7 ||    57
Armor: Robe              |    11 |    19 |       |       ||    30
       Leather armour    |       |    17 |    32 |    72 ||   121
Dodge: Dodged            |    53 |   103 |    66 |    68 ||   290
Block: Kite shield       |       |    27 |   151 |   137 ||   315
       Reflection        |       |       |       |     1 ||     1

Table legend: (Time is in decaauts)
 A = Elapsed time spent in this place.
 B = Non-inter-level travel time spent in this place.
 C = Inter-level travel time spent in this place.
 D = Time resting spent in this place.
 E = Time spent auto-exploring this place.
 F = Levels seen in this place.
 G = Mean time per level.
                   A        B        C        D        E       F      G
               +--------+--------+--------+--------+--------+-----+--------+
         Total |   7810 |   6163 |   1647 |    315 |   4050 |  11 |  710.0 |
       Dungeon |   7507 |   5934 |   1573 |    315 |   4050 |   9 |  834.1 |
        Temple |     76 |      2 |     74 |      0 |      0 |   1 |   76.0 |
       Ossuary |    225 |    225 |      0 |      0 |      0 |   1 |  225.0 |
               +--------+--------+--------+--------+--------+-----+--------+

Top non-repeatable levels by time:
     D:2: 1570 daAuts
     D:7: 1240 daAuts
     D:1: 994 daAuts
     D:3: 934 daAuts
     D:4: 829 daAuts
     D:8: 729 daAuts
     D:6: 593 daAuts
     D:5: 472 daAuts
 Ossuary: 225 daAuts
     D:9: 143 daAuts
  Temple: 76 daAuts
